 Dungeon Crawl Stone Soup version 0.15-a0-2374-gaadabb3 (webtiles) character file.

235 MRaven the Cudgeler (level 6, -4/38 HPs)
             Began as a Gargoyle Chaos Knight on Aug 1, 2014.
             Was a Plaything of Xom.
             Slain by an orc
             ... wielding a +2 flail of distortion
              (12 damage)
             ... on Level 4 of the Dungeon.
             The game lasted 00:16:56 (3293 turns).

MRaven the Cudgeler (Gargoyle Chaos Knight)         Turns: 3293, Time: 00:17:02

HP  -4/38        AC 12     Str 20      XL: 6   Next:  6%
MP   6/6         EV 11     Int 12      God: Xom
Gold 61          SH  0     Dex  9      Spells:  0 memorised,  5 levels left

rFire  . . .     SeeInvis .     q - +0 mace (chaos)
rCold  . . .     Clarity  .     b - +3 leather armour
rNeg   + . .     rCorr    .     (no shield)
rPois  +         rRot     +     (no helmet)
rElec  +         Spirit   .     (no cloak)
SustAb .         Warding  .     d - +0 pair of gloves
rMut   .         Stasis   .     (no boots)
Gourm  .                        (no amulet)
MR     .....                    (no ring)
                                x - ring of teleport control

@: not resistant to hostile enchantments, very unstealthy
A: negative energy resistance 1, electricity resistance, strong 1, unbreathing,
evolution 1, petrification resistance, rot immunity, AC +4
a: Renounce Religion, Evoke Teleport Control


You were on level 4 of the Dungeon.
You worshipped Xom.
You were a special plaything of Xom.
You were not hungry.

You visited 1 branch of the dungeon, and saw 4 of its levels.

You collected 184 gold pieces.
You spent 123 gold pieces at shops.

Inventory:

Hand weapons
 a - a +0 whip
 q - a +0 mace of chaos (weapon)
Armour
 b - a +3 leather armour (worn)
 d - a +0 pair of gloves (worn)
Magical devices
 i - a wand of polymorph (3)
Comestibles
 c - 3 bread rations
 g - 2 meat rations
 h - a rotting chunk of quokka flesh
 o - 2 rotting chunks of orc flesh
 r - a chunk of giant newt flesh
Scrolls
 f - 3 scrolls of identify
 j - 2 scrolls of teleportation
 k - a scroll of enchant armour
 s - a scroll of blinking
 t - a scroll of fog
 w - a scroll of amnesia {unknown}
 y - a scroll of remove curse
Jewellery
 x - a ring of teleport control (left hand)
Potions
 e - a potion of brilliance
 l - 2 potions of curing {unknown}
 m - a potion of might {unknown}
 p - 2 potions of flight {unknown}
 B - a potion of heal wounds


   Skills:
 + Level 4.2 Fighting
 * Level 4.6 Maces & Flails
 + Level 3.5 Armour
 + Level 2.2 Dodging


You had 5 spell levels left.
You didn't know any spells.

Dungeon Overview and Level Annotations

Branches:
Dungeon (4/15)
 Temple: D:4-7

Altars:
Trog

Shops:
D:4 ?*?


Innate Abilities, Weirdness & Mutations

You are resistant to torment.
You are immune to poison.
Your stone body is very resilient (AC +4).
You resist negative energy.
You are resistant to electric shocks.
You can survive without breathing.
You are immune to petrification.
You are immune to rotting.
Your muscles are strong. (Str +2)
You evolve.


Message History

You hit the orc. You burn the orc.
You kill the orc!
The bat hits you but does no damage.
The orc hits you with a flail of distortion.
You blink.
You barely miss the bat. The bat closely misses you.
The bat closely misses you.
You hit the bat.
There is a sudden explosion of sparks!
You kill the bat!
Drink which item? (? for menu, Esc to quit)
You feel refreshed.
It was a potion of restore abilities.
Xom is amused.
You hit the orc but do no damage.
The orc goes berserk!
Xom is highly amused!
The orc barely misses you. x2
The orc hits you with a flail of distortion!
* * * LOW HITPOINT WARNING * * *
Space warps horribly around you!
You die...
Xom cackles wildly!

............#
.............##
#.............#
#.............#
##........###..######
#.........'∩'..##...#
#.........###.......#
#...................#
##.∩........o@.....## ###
###......##ol.....# ...#
#....l.........## W...#
#....o.o.......#
..o..##..............##
......#)..........##..##
.......o........#####..##
...........###### ###.##
..........## ##.##


You could see an orc wizard, 3 orcs and a giant gecko.

Vanquished Creatures
  A quasit (D:2)
  An orc wizard (D:3)
  An iron imp (D:2)
  Jessica (D:3)
  7 gnolls
  6 adders
  A worm (D:3)
  An ufetubus (D:2)
  6 giant geckos
  5 orcs
  4 ball pythons
  A giant cockroach (D:2)
  5 goblins (D:1)
  2 hobgoblins (D:2)
  2 quokkas (D:3)
  5 bats
  5 giant newts
  10 kobolds
  7 rats
71 creatures vanquished.

Vanquished Creatures (others)
  5 toadstools (D:1)
5 creatures vanquished.

Grand Total: 76 creatures vanquished

Notes
Turn   | Place    | Note
--------------------------------------------------------------
     0 | D:1      | MRaven, the Gargoyle Chaos Knight, began the quest for the Orb.
     0 | D:1      | Reached XP level 1. HP: 14/14 MP: 1/1
    58 | D:1      | Reached skill level 1 in Dodging
   415 | D:1      | Reached XP level 2. HP: 19/19 MP: 2/2
   477 | D:1      | XOM: mild Hex miscast
   565 | D:1      | XOM: divination: detect items
   974 | D:1      | XOM: harmless Divn miscast
  1043 | D:2      | Reached XP level 3. HP: 19/23 MP: 3/3
  1126 | D:2      | XOM: noise
  1274 | D:2      | Reached XP level 4. HP: 29/29 MP: 4/4
  1345 | D:2      | Found a bloodstained altar of Trog.
  1463 | D:2      | XOM: medium Summ miscast
  1958 | D:2      | Reached skill level 4 in Fighting
  1971 | D:2      | XOM: give mutation
  1971 | D:2      | Gained mutation: You evolve. [Xom's grace]
  2013 | D:2      | Gained mutation: Your muscles are strong. (Str +2) [evolution]
  2370 | D:3      | Reached XP level 5. HP: 33/33 MP: 5/5
  2492 | D:3      | XOM: harmless Chrm miscast
  2529 | D:3      | XOM: swap weapons
  2815 | D:3      | Noticed Jessica
  2832 | D:3      | Killed Jessica
  3109 | D:3      | XOM: torment (26/33 hp)
  3180 | D:3      | Reached XP level 6. HP: 38/38 MP: 6/6
  3222 | D:4      | Found Rumyfo Goapo's Magic Scroll Shop.
  3225 | D:4      | Bought a scroll of blinking for 97 gold pieces
  3225 | D:4      | Bought a scroll of fog for 26 gold pieces
  3250 | D:4      | Found Ydaocs' Magic Scroll Boutique.
  3251 | D:4      | Found Cuil's Assorted Antiques.
  3270 | D:4      | XOM: silly message
  3293 | D:4      | Slain by an orc

Action                   |  1- 3 |  4- 6 || total
-------------------------+-------+-------++-------
Melee: Mace              |    68 |   158 ||   226
       Whip              |       |     9 ||     9
Evoke: Wand              |       |     2 ||     2
  Use: Scroll            |     3 |     4 ||     7
       Potion            |       |     4 ||     4
 Stab: Petrified         |       |     1 ||     1
  Eat: Chunk             |     1 |     7 ||     8
